 Dungeon Sprint DCSS version 0.30-a0-883-g5ad918d77d (webtiles) character file.

Game seed: 17037963327861763779

67475 BigDaddyOpFi the End of an Era (level 15, -9/162 HPs)
             Began as a Hill Orc Fighter on Mar 17, 2023.
             Was the Champion of Qazlal.
             Killed by a royal mummy's death curse (21 damage)
             ... in the Dungeon (Sprint V: "Ziggurat Sprint").
             The game lasted 00:06:53 (2090 turns).

BigDaddyOpFi the End of an Era (Hill Orc Fighter)   Turns: 2090, Time: 00:06:54

Health: -9/162     AC: 53    Str: 33    XL:     15   Next: 23%
Magic:  26/32      EV:  8    Int:  3    God:    Qazlal [******]
Gold:   0          SH: 46    Dex: 10    Spells: 14/14 levels left

rFire   . . .      SeeInvis +    C - +16 obsidian axe {drain, demonic, Mesm Drain Fly SInv}
rCold   . . .      Faith    .    D - +18 shield of the Gong {Loud rN+ Will+ rCorr EV-5}
rNeg    + + +      Spirit   .    a - +15 Maxwell's patent armour {-Cast -Tele rElec Will+ rCorr}
rPois   +          Reflect  +    R - +2 hood of the Assassin {Detect Stab+ Stlth++}
rElec   +          Rampage  .    T - scarf {shadows}
rCorr   +          NoTele   +    P - +2 pair of gloves {hurl}
Will    +++..      NoCast   +    O - +2 pair of slick slippers {slick, slippery, EV+5} Stlth
                                 H - amulet "Mupti" {Reflect rPois rN+++ Int-5 SH+5 Stlth+}
HPRegen 0.47/turn                x - +6 ring of strength
MPRegen 0.23/turn                V - ring of the Tortoise {AC+8}

@: protected from physical damage, flying, mesmerised, slowed, studying 2
skills, repel missiles, unable to drink, very slow
A: inability to drink after injury 1, inability to read after injury 1
a: Renounce Religion, Upheaval, Elemental Force, Disaster Area


You were in the Dungeon.
You worshipped Qazlal.
Qazlal was exalted by your worship.
You visited 1 branch

Inventory:

Hand Weapons
 C - the +16 obsidian axe (weapon) {drain, demonic, Mesm Drain Fly SInv}
   (You found it in the Dungeon)

   Mesm:      Its wielder is mesmerised by any visible foes, and it cannot be
   unequipped while any foes are visible.
   SInv:      It lets you see invisible.
   Fly:       It grants you flight.
   Drain:     It drains your maximum health when unequipped.
Armour
 a - the +15 Maxwell's patent armour (worn) {-Cast -Tele rElec Will+ rCorr}
   (You found it in the Dungeon)

   rElec:     It insulates you from electricity.
   -Cast:     It prevents spellcasting.
   -Tele:     It prevents most forms of teleportation.
   rCorr:     It protects you from acid and corrosion.
   Will:      It increases your willpower.
 D - the +18 shield of the Gong (worn) {Loud rN+ Will+ rCorr EV-5}
   (You found it in the Dungeon)

   Loud:      It is deafeningly noisy when blocking attacks.
   EV:        It affects your evasion (-5).
   rN:        It protects you from negative energy.
   rCorr:     It protects you from acid and corrosion.
   Will:      It increases your willpower.
 O - the +2 pair of slick slippers (worn) {slick, slippery, EV+5}
   (You found it in the Dungeon)

   Slick:     Its wearer cannot be constricted, engulfed, netted or webbed.
   Slippery:  It slips away from damaging melee attacks, pulling the attacker
   onward.
   EV:        It affects your evasion (+5).
 P - a +2 pair of gloves of hurling (worn)
 R - the +2 hood of the Assassin (worn) {Detect Stab+ Stlth++}
   (You found it in the Dungeon)

   Detect:    It allows the wearer to sense nearby creatures.
   Stab+:     It allows the wearer to make particularly effective stabbing
   attacks against helpless or unaware enemies with any weapon.
   Stlth:     It makes you much more stealthy.
 T - a scarf of shadows (worn)
Jewellery
 c - a ring of flight
 s - the amulet "Cuug" {Acrobat rElec rC- rCorr}
   (You found it in the Dungeon)

   [amulet of the acrobat]

   It increases your evasion while moving and waiting.
   rC:        It makes you vulnerable to cold.
   rElec:     It insulates you from electricity.
   rCorr:     It protects you from acid and corrosion.
 x - a +6 ring of strength (left hand)
 H - the amulet "Mupti" (around neck) {Reflect rPois rN+++ Int-5 SH+5 Stlth+}
   (You found it in the Dungeon)

   [amulet of reflection]

   It reflects blocked missile attacks.
   Int:       It affects your intelligence (-5).
   rPois:     It protects you from poison.
   rN:        It renders you almost immune to negative energy.
   SH:        It affects your SH (+5).
   Stlth:     It makes you more stealthy.
 J - the amulet of Hahack {Acrobat Rampage +Inv rN++ Will+}
   (You found it in the Dungeon)

   [amulet of the acrobat]

   It increases your evasion while moving and waiting.
   rN:        It greatly protects you from negative energy.
   +Inv:      It lets you turn invisible.
   Rampage:   It bestows one free step when moving towards enemies.
   Will:      It increases your willpower.
 M - a +5 ring of evasion
 N - the necklace of Bloodlust {Fury *Rage Will++ Int-3 Slay+6}
   (You found it in the Dungeon)

   [amulet of nothing]

   Fury:      It extends the wearer's berserk rage when killing foes.
   Int:       It affects your intelligence (-3).
   Slay:      It affects your accuracy & damage with ranged weapons and melee
   (+6).
   *Rage:     It berserks you when you make melee attacks (+50% chance).
   Will:      It greatly increases your willpower.
 V - the ring of the Tortoise (right hand) {AC+8}
   (You found it in the Dungeon)

   [ring of protection]

   AC:        It affects your AC (+8).
Wands
 z - a wand of mindburst (7)
 A - a wand of light (7)
Scrolls
 j - 4 scrolls of blinking
 n - 2 scrolls of brand weapon
 o - 4 scrolls of amnesia
 p - 7 scrolls of fog
 q - 5 scrolls of identify
 r - a scroll of fear
 S - 8 scrolls of enchant armour
 U - 12 scrolls of enchant weapon
Potions
 d - 6 potions of might
 e - 10 potions of curing
 f - 14 potions of heal wounds
 g - 6 potions of haste
 h - 7 potions of magic
 i - 3 potions of berserk rage
 k - 2 potions of brilliance
 l - 2 potions of invisibility
 m - 4 potions of resistance
Miscellaneous
 b - a phantom mirror
 B - a lightning rod (4/4)
 K - a piece from Xom's chessboard (15/15)
 L - a phantom mirror
 Q - a phantom mirror
 Y - a phantom mirror


   Skills:
 + Level 22.4 Fighting
 + Level 24.0 Axes
 + Level 20.9 Armour
 + Level 20.8 Shields
 O Level 27 Invocations


You had 14 spell levels left.
You didn't know any spells.
Your spell library contained the following spells:

 Spells                   Type           Power      Damage    Failure   Level
 Beastly Appendage        Tmut           0%         N/A       96%         1
 Magic Dart               Conj           0%         1d3       96%         1
 Slow                     Hex            0%         N/A       96%         1
 Call Imp                 Summ           0%         N/A       99%         2
 Sublimation of Blood     Necr           0%         N/A       99%         2
 Wereblood                Tmut           0%         N/A       99%         2
 Confusing Touch          Hex            0%         N/A       100%        3
 Dazzling Flash           Conj/Hex       0%         N/A       100%        3
 Kindle Blastsparks       Fire/Tloc/Air  0%         2d10      100%        3
 Mephitic Cloud           Conj/Pois/Air  0%         N/A       100%        3
 Spider Form              Tmut/Pois      0%         N/A       100%        3
 Summon Guardian Golem    Hex/Summ       0%         N/A       100%        3
 Vampiric Draining        Necr           0%         2d6       100%        3
 Vhi's Electric Charge    Tloc/Air       0%         N/A       100%        3
 Animate Dead             Necr           0%         N/A       100%        4
 Flame Wave               Conj/Fire      0%         2d4       100%        4
 Fulminant Prism          Conj/Hex       0%         3d5       100%        4
 Iskenderun's Mystic Bla  Conj/Tloc      0%         2d3       100%        4
 Olgreb's Toxic Radiance  Pois           0%         N/A       100%        4
 Petrify                  Tmut/Erth      0%         N/A       100%        4
 Summon Ice Beast         Ice/Summ       0%         N/A       100%        4
 Arcjolt                  Conj/Air       0%         1d10      100%        5
 Fireball                 Conj/Fire      0%         3d3       100%        5
 Freezing Cloud           Conj/Ice/Air   0%         6-21      100%        5
 Irradiate                Conj/Tmut      0%         3d11      100%        5
 Iskenderun's Battlesphe  Conj           0%         2d6       100%        5
 Lee's Rapid Deconstruct  Erth           0%         3d4*      100%        5
 Summon Mana Viper        Hex/Summ       0%         N/A       100%        5
 Iron Shot                Conj/Erth      0%         9d1       100%        6
 Simulacrum               Ice/Necr       0%         N/A       100%        6
 Monstrous Menagerie      Summ           0%         N/A       100%        7
 Orb of Destruction       Conj           0%         9d5       100%        7
 Ozocubu's Refrigeration  Ice            0%         4d7       100%        7
 Summon Hydra             Summ           0%         N/A       100%        7
 Borgnjor's Revivificati  Necr           0%         N/A       100%        8
 Ignition                 Fire           0%         3d3       100%        8
 Chain Lightning          Conj/Air       0%         N/A       100%        9
 Polar Vortex             Ice            0%         N/A       100%        9


Dungeon Overview and Level Annotations

Branches:
Dungeon (1/1)

Altars:
Ashenzari
Cheibriados
Dithmenos
Elyvilon
Fedhas
Gozag
Hepliaklqana
Kikubaaqudgha
Makhleb
Nemelex Xobeh
Okawaru
Qazlal
Ru
Sif Muna
Trog
Uskayaw
Vehumet
Wu Jian
Xom
Yredelemnul
Zin
The Shining One
Beogh
Jiyva
Lugonu


Innate Abilities, Weirdness & Mutations

You occasionally lose the ability to drink potions when taking damage.
You occasionally lose the ability to read scrolls when taking damage.


Message History

PANG!
The death scarab is engulfed in freezing vapours.
The death scarab is engulfed in blazing flames.
You block the death scarab's attack.
BOUMMMMG!
The death scarab is engulfed in freezing vapours.
You block the death scarab's attack.
SHROANNG!
The death scarab is engulfed in blazing flames.
The death scarab barely misses you.
The royal mummy gestures wildly while chanting.
You block the royal mummy's attack.
GONNNNG!
You block the royal mummy's attack.
SHROANNG!
The death scarab is engulfed in freezing vapours.
You block the death scarab's attack.
GONNNNG!
The death scarab closely misses you.
The death scarab bites you but does no damage.
The ushabti shakes and rattles.
The vile air hits the death scarab.
The vile air hits the royal mummy.
The vile air hits you but does no damage.
The vile air hits the death scarab but does no damage.
The vile air hits the death scarab.
Unknown command.
You slash the royal mummy!
The royal mummy is almost destroyed.
You slice the death scarab!!
You destroy the death scarab!
The death scarab's corpse disappears in a puff of smoke!
You barely miss the death scarab. You closely miss the death scarab.
You barely miss the death scarab. You hit the royal mummy.
You destroy the royal mummy!
Qazlal accepts your kill.
The death scarab disappears in a puff of smoke! x6
You slice the death scarab!! You slice the royal mummy!!
You feel extremely nervous for a moment...
Pain shoots through your body!!
You die... ▓..|))). {{{{{{

{{ ▓.......
..}|.==≈≈)≈.}.
▓......)
...|≈.≈=≈)....
▓...)..)
.....≈..=.....
▓....).(
...≈....≈.....
▓......)
...≈°§○§≈.....
.......
≈..≈°B)MB9....
..▓....
...≈°B@M§s....
.......
...§§BB§BB....
.......
...☼.3.BBB....
......©
...▓.......▓..
▓▓▓▓▓▓▓▓
..............
▓.....8©
..............
▓..|).))
......©......
▓..).[[|
▓▓▓▓▓▓▓▓▓▓▓▓▓
▓.......
▓.......


You could see 2 royal mummies, an emperor scorpion (summoned), an ushabti, 10
death scarabs and a friendly smoke demon (summoned).

Vanquished Creatures
  7 pandemonium lords (D)
  A royal mummy (D)
  An eldritch tentacle (D)
  A shadow dragon (D)
  A balrug (D)
  A ghost moth (D)
  A deep elf elementalist (D)
  An orc warlord (D)
  A ghoul (D)
  A stone giant (D)
  2 demonspawn black suns (D)
  2 green deaths (D)
  A mummy priest (D)
  A vault guard (D)
  A dancing weapon (D)
  A boulder beetle (D)
  A death scarab (D)
  An orc high priest (D)
  A thrashing horror (D)
  8 soul eaters (D)
  A deep elf knight (D)
  A wretched star (D)
  A pharaoh ant (D)
  A goliath frog (shapeshifter) (D)
  2 sun moths (D)
  A deep elf archer (D)
  2 ironbound convokers (D)
  3 deep elf pyromancers (D)
  3 steelbarb worms (D)
  An orc knight (D)
  A wizard (D)
  A mana viper (shapeshifter) (D)
  4 draconians (D)
  An orc sorcerer (D)
  2 shining eyes (D)
  2 wolf spiders (D)
  2 moths of wrath (D)
  2 black mambas (D)
  2 ugly things (D)
  3 smoke demons (D)
  4 orange demons (D)
  2 hellions (D)
  3 yaktaurs (D)
  6 cane toads (D)
  An ice devil (D)
  5 guardian mummies (D)
  A hellwing (D)
  A troll (D)
  A dream sheep (shapeshifter) (D)
  3 flying skulls (D)
  A yak (D)
  4 jumping spiders (D)
  A culicivora (D)
  A human (shapeshifter) (D)
  2 wyverns (D)
  An ushabti (D)
  4 neqoxecs (D)
  A chaos spawn (D)
  9 redbacks (D)
  A warg (D)
  4 water moccasins (D)
  6 orc warriors (D)
  An ice beast (shapeshifter) (D)
  3 ogres (D)
  3 centaurs (D)
  3 phantoms (D)
  2 bullfrogs (D)
  A necrophage (D)
  A small abomination (D)
  A wight (D)
  An iron imp (D)
  3 orc priests (D)
  3 orc wizards (D)
  7 mummies (D)
  4 adders (D)
  A shadow imp (D)
  A white imp (D)
  A spectral adder (D)
  2 adder zombies (D)
  2 adder skeletons (D)
  7 orcs (D)
  A spectral bat (D)
  2 ball pythons (D)
  A bat skeleton (D)
  A bat zombie (D)
  2 ball python skeletons (D)
  A ball python zombie (D)
  A giant cockroach zombie (D)
  4 spectral ball pythons (D)
  A spectral giant cockroach (D)
194 creatures vanquished.

Vanquished Creatures (collateral kills)
  An orc warlord (D)
  A wretched star (D)
  A soul eater (D)
  A pharaoh ant (D)
  An orc knight (D)
  An ironbound convoker (D)
  A deep elf pyromancer (D)
  An elephant (shapeshifter) (D)
  A salamander (shapeshifter) (D)
  A torpor snail (D)
  2 cane toads (D)
  A polar bear (D)
  A raiju (D)
  A slime creature (shapeshifter) (D)
  2 orc warriors (D)
  An adder skeleton (D)
18 creatures vanquished.

Grand Total: 212 creatures vanquished

Notes
Turn   | Place    | Note
-------+----------+-------------------------------------------
     0 | D        | BigDaddyOpFi the Hill Orc Fighter began the quest for the
                  | Orb.
     0 | D        | Reached XP level 1. HP: 19/19 MP: 1/1
     0 | D        | Found a shimmering blue altar of Sif Muna.
     0 | D        | Found a sacrificial altar of Ru.
     0 | D        | Found a bloodstained altar of Trog.
     0 | D        | Found a stormy altar of Qazlal.
     0 | D        | Found an iron altar of Okawaru.
     0 | D        | Found a sparkling altar of Nemelex Xobeh.
     0 | D        | Found a blossoming altar of Fedhas.
     0 | D        | Found the +6 Majin-Bo {spellvamp, MP+6 Int+6}
     0 | D        | Found the +27 heavy crossbow "Sniper" {heavy, Acc+∞ SInv}
     0 | D        | Found the +10 dark maul {heavy}
     0 | D        | Found the +15 Maxwell's patent armour {-Cast -Tele rElec
                  | Will+ rCorr}
     0 | D        | Found the +18 shield of the Gong {Loud rN+ Will+ rCorr
                  | EV-5}
     0 | D        | Found the +16 obsidian axe {drain, demonic, Mesm Drain Fly
                  | SInv}
     0 | D        | Found the +7 great mace "Firestarter" {flame, inner flame,
                  | rFlCloud rF++}
     0 | D        | Found the +6 shillelagh "Devastator" {shatter}
     0 | D        | Found the +11 plutonium sword {Contam Stlth-}
     0 | D        | Found the +8 lance "Wyrmbane" {slay drac, rPois rF+ rC+
                  | AC+3}
     0 | D        | Found the +9 sword of Zonguldrok {reap}
     0 | D        | Found the +13 scythe of Curses {drain, curses, Drain}
     0 | D        | Found the +9 sword of Power {lifebolt}
     0 | D        | Found the +7 mace of Variability {chaos, chain chaos}
     0 | D        | Found the +11 Singing Sword {sonic wave}
     0 | D        | Found the +8 storm bow {elec, penet}
     2 | D        | Found a transporter.
     2 | D        | Found an ancient bone altar of Kikubaaqudgha.
     2 | D        | Found a viscous altar of Jiyva.
     2 | D        | Found a corrupted altar of Lugonu.
     2 | D        | Found a hazy altar of Hepliaklqana.
     2 | D        | Found a burning altar of Makhleb.
     2 | D        | Found an opulent altar of Gozag.
    72 | D        | Became a worshipper of Qazlal Stormbringer
    79 | D        | Reached skill level 5 in Fighting
    79 | D        | Reached skill level 5 in Axes
    79 | D        | Reached skill level 5 in Armour
    79 | D        | Reached skill level 5 in Shields
    79 | D        | Reached XP level 2. HP: 30/30 MP: 2/2
    82 | D        | Entered arena 2.
    82 | D        | Noticed a jumping spider
    82 | D        | Noticed a jumping spider
    82 | D        | Found a transporter.
    86 | D        | Killed a jumping spider
    87 | D        | Reached skill level 6 in Invocations
    87 | D        | Reached XP level 3. HP: 39/39 MP: 2/7
    87 | D        | Reached XP level 4. HP: 47/47 MP: 2/8
    87 | D        | Reached XP level 5. HP: 52/52 MP: 2/9
    87 | D        | Killed a jumping spider
    88 | D        | Reached skill level 8 in Invocations
    88 | D        | Reached XP level 6. HP: 61/61 MP: 2/12
    90 | D        | Got the ring "Ejuolini" {rCorr Int+5}
   286 | D        | Entered arena 3.
   286 | D        | Noticed a deep elf pyromancer
   286 | D        | Noticed a deep elf knight
   286 | D        | Noticed a deep elf archer
   286 | D        | Found a transporter.
   293 | D        | Noticed a fire elemental
   294 | D        | Killed a deep elf pyromancer
   294 | D        | Reached * piety under Qazlal
   295 | D        | Reached skill level 11 in Invocations
   295 | D        | Reached XP level 7. HP: 54/70 MP: 12/15
   297 | D        | Killed a deep elf archer
   297 | D        | Killed a deep elf knight
   298 | D        | Reached skill level 10 in Fighting
   298 | D        | Reached skill level 10 in Armour
   298 | D        | Reached skill level 13 in Invocations
   298 | D        | Reached XP level 8. HP: 59/81 MP: 12/18
   298 | D        | Reached XP level 9. HP: 63/86 MP: 12/19
   310 | D        | Entered arena 4.
   310 | D        | Noticed a draconian
   310 | D        | Noticed a draconian
   310 | D        | Noticed a draconian
   310 | D        | Noticed a draconian
   310 | D        | Found a transporter.
   315 | D        | Killed a draconian
   315 | D        | Reached ** piety under Qazlal
   316 | D        | Reached skill level 10 in Shields
   316 | D        | Reached skill level 14 in Invocations
   316 | D        | Killed a draconian
   317 | D        | Reached skill level 15 in Invocations
   317 | D        | Killed a draconian
   318 | D        | Killed a draconian
   318 | D        | Reached *** piety under Qazlal
   319 | D        | Reached skill level 16 in Invocations
   319 | D        | Reached XP level 10. HP: 56/97 MP: 16/22
   323 | D        | Got the Catalogue of Cinders and Beguiling
   325 | D        | Entered arena 5.
   325 | D        | Noticed a +6 mace of holy wrath
   325 | D        | Noticed a deep elf pyromancer
   325 | D        | Noticed a deep elf pyromancer
   325 | D        | Noticed a deep elf pyromancer
   325 | D        | Found a transporter.
   327 | D        | Killed a deep elf pyromancer
   329 | D        | Killed a deep elf pyromancer
   329 | D        | Killed a +6 mace of holy wrath
   330 | D        | Reached skill level 17 in Invocations
   330 | D        | Killed a deep elf pyromancer
   330 | D        | Reached **** piety under Qazlal
   334 | D        | Entered arena 6.
   334 | D        | Found a transporter.
   343 | D        | Reached ***** piety under Qazlal
   344 | D        | Reached skill level 18 in Invocations
   577 | D        | Got the Spellbook of Haze
   580 | D        | Entered arena 7.
   581 | D        | Found a transporter.
   592 | D        | Got the ring of Xom's Attic {Drain Fly Will+ Int+6}
   599 | D        | Entered arena 8.
   599 | D        | Noticed an ironbound convoker
   599 | D        | Noticed a vault guard
   599 | D        | Noticed a wizard
   599 | D        | Noticed an ironbound convoker
   599 | D        | Noticed an ironbound convoker
   600 | D        | Found a transporter.
   603 | D        | Killed an ironbound convoker
   604 | D        | Killed a wizard
   605 | D        | Reached XP level 11. HP: 77/107 MP: 24/24
   605 | D        | Killed an ironbound convoker
   605 | D        | Killed an ironbound convoker
   607 | D        | Reached skill level 19 in Invocations
   612 | D        | Killed a vault guard
   612 | D        | Reached ****** piety under Qazlal
   616 | D        | Got the amulet "Mupti" {Reflect rPois rN+++ Int-5 SH+5
                  | Stlth+}
   837 | D        | Entered arena 9.
   838 | D        | Found a transporter.
   849 | D        | Got the amulet of Hahack {Acrobat Rampage +Inv rN++ Will+}
   856 | D        | Entered arena 10.
   857 | D        | Found a transporter.
   860 | D        | Reached skill level 15 in Axes
   876 | D        | Entered arena 11.
   876 | D        | Found the necklace of Bloodlust {Fury *Rage Will++ Int-3
                  | Slay+6}
   876 | D        | Found the +2 pair of slick slippers {slick, slippery, EV+5}
   877 | D        | Found a transporter.
   916 | D        | Entered arena 12.
   916 | D        | Noticed a deep elf elementalist
   916 | D        | Noticed a thrashing horror
   916 | D        | Noticed a wretched star
   917 | D        | Noticed a wretched star
   919 | D        | Found a transporter.
   923 | D        | Killed a deep elf elementalist
   924 | D        | Reached skill level 20 in Invocations
   924 | D        | Killed a thrashing horror
   926 | D        | Killed a wretched star
   927 | D        | Killed a wretched star
   943 | D        | Entered arena 13.
   943 | D        | Noticed Kaitsall the pandemonium lord
   943 | D        | Noticed Toulaxo the pandemonium lord
   943 | D        | Noticed a balrug
   944 | D        | Noticed Poackerch the pandemonium lord
   945 | D        | Killed a balrug
   946 | D        | Reached skill level 15 in Fighting
   946 | D        | Reached skill level 21 in Invocations
   946 | D        | Reached XP level 12. HP: 107/121 MP: 17/26
   946 | D        | Killed Kaitsall the pandemonium lord
   947 | D        | Reached skill level 15 in Armour
   947 | D        | Reached skill level 22 in Invocations
   947 | D        | Killed Poackerch the pandemonium lord
   948 | D        | Reached skill level 15 in Shields
   948 | D        | Reached skill level 23 in Invocations
   948 | D        | Reached XP level 13. HP: 118/132 MP: 1/28
   948 | D        | Found a transporter.
   950 | D        | Killed Toulaxo the pandemonium lord
   951 | D        | Reached skill level 24 in Invocations
  1217 | D        | Entered arena 14.
  1217 | D        | Noticed a ghost moth
  1219 | D        | Found the +2 hood of the Assassin {Detect Stab+ Stlth++}
  1225 | D        | Killed a ghost moth
  1235 | D        | Reached skill level 25 in Invocations
  1381 | D        | Found a transporter.
  1399 | D        | Entered arena 15.
  1399 | D        | Noticed Ames the pandemonium lord
  1399 | D        | Noticed a green death
  1399 | D        | Noticed Sukaupau the pandemonium lord
  1400 | D        | Noticed Ereba the pandemonium lord
  1400 | D        | Noticed a green death
  1400 | D        | Noticed a demonspawn black sun
  1400 | D        | Noticed a demonspawn black sun
  1400 | D        | Noticed Idoirre the pandemonium lord
  1402 | D        | Killed a green death
  1402 | D        | Killed a green death
  1402 | D        | Killed Ereba the pandemonium lord
  1402 | D        | Killed a demonspawn black sun
  1402 | D        | Killed Sukaupau the pandemonium lord
  1402 | D        | Killed Idoirre the pandemonium lord
  1403 | D        | Reached skill level 26 in Invocations
  1403 | D        | Killed a demonspawn black sun
  1408 | D        | Killed Ames the pandemonium lord
  1409 | D        | Reached XP level 14. HP: 87/146 MP: 14/31
  1409 | D        | Found a transporter.
  1673 | D        | Got the Collected Works on Arcane Combat
  1674 | D        | Entered arena 16.
  1680 | D        | Reached skill level 27 in Invocations
  1690 | D        | Found the ring of the Tortoise {AC+8}
  1692 | D        | Found a transporter.
  1715 | D        | Got the ring "Gadeg" {Wiz Will- Str+6}
  1722 | D        | Got the amulet "Jogeh" {RegenMP Dex+3}
  1729 | D        | Entered arena 17.
  1732 | D        | Gained mutation: You occasionally lose the ability to drink
                  | potions when taking damage. [a shining eye]
  1740 | D        | Gained mutation: You occasionally lose the ability to read
                  | scrolls when taking damage. [a neqoxec]
  1753 | D        | Found a transporter.
  1770 | D        | Got the Almanac of Conflict and Pyromania
  1781 | D        | Entered arena 18.
  1783 | D        | Noticed an orc warlord
  1784 | D        | Identified the ring of the Coward {rC+ rCorr MP+9 Int-3}
  1784 | D        | Noticed an orc warlord
  1785 | D        | Noticed a stone giant
  1789 | D        | Found a transporter.
  1795 | D        | Killed an orc warlord
  1798 | D        | Killed a stone giant
  1801 | D        | Killed an orc warlord
  1822 | D        | Got Cigotuvi's Precepts of Parts Unknown
  1932 | D        | Entered arena 19.
  1954 | D        | Found the +7 captain's cutlass {speed, disarm}
  1956 | D        | Found a transporter.
  2010 | D        | Entered arena 20.
  2015 | D        | Noticed a shadow dragon
  2017 | D        | Noticed a ghoul
  2021 | D        | Found the +2 shield of Resistance {rF++ rC++ Will++}
  2037 | D        | Reached XP level 15. HP: 145/160 MP: 32/32
  2038 | D        | Killed a shadow dragon
  2042 | D        | Killed a ghoul
  2045 | D        | Found a transporter.
  2053 | D        | Got the amulet "Cuug" {Acrobat rElec rC- rCorr}
  2072 | D        | Entered arena 21.
  2076 | D        | Noticed a royal mummy
  2079 | D        | Noticed a royal mummy
  2079 | D        | Noticed a royal mummy
  2080 | D        | Identified the ring "Qoifil" {rElec rN+ Dex+6}
  2080 | D        | Identified the +1 battleaxe of Benustri {spect, rC+ Int+3
                  | Dex+3}
  2083 | D        | Noticed an emperor scorpion
  2086 | D        | Noticed an emperor scorpion
  2090 | D        | Killed a royal mummy
  2090 | D        | Killed by a royal mummy's death curse

Illustrated notes

Levels and vault maps discovered:
D:        sprint_v [room_start, room_1, room_2, room_3, room_4, room_5, room_6,
          room_7, room_8, room_9, room_10, room_11, room_12, room_13, room_14,
          room_15, room_16, room_17, room_18, room_19, room_20, room_21,
          room_22, room_23, room_24, room_25, room_26, room_27]

Skill      XL: |  1  2  3  4  5  6  7  8  9 10 11 12 13 14 15 |
---------------+----------------------------------------------+-----
Fighting       | 5 7 8 9 10 11 13 15 17 19 21 22 | 22.4
Axes           | 5 7 8 9 11 12 14 16 18 20 23 24 | 24.0
Armour         | 5 6 7 8 10 11 12 14 15 17 20 | 20.9
Shields        | 5 6 7 8 9 10 12 14 15 17 20 | 20.8
Invocations    | 6 8 11 13 16 18 21 23 26 27 | 27.0

Action                     |  1- 3 |  4- 6 |  7- 9 | 10-12 | 13-15 || total
---------------------------+-------+-------+-------+-------+-------++-------
  Melee: Broad axe         |     2 |     6 |    10 |    45 |   126 ||   189
 Invoke: Disaster Area     |       |       |       |     3 |     3 ||     6
    Use: Potion            |     1 |       |       |       |       ||     1
         Scroll            |       |       |       |       |     1 ||     1
   Stab: Distracted        |       |       |       |       |     4 ||     4
 Armour: Plate armour      |    11 |     1 |     4 |    14 |    64 ||    94
  Dodge: Dodged            |       |       |       |     7 |    33 ||    40
         Repelled          |       |       |       |     1 |       ||     1
  Block: Kite shield       |     9 |    11 |    19 |    87 |   282 ||   408
         Reflection        |       |       |       |     2 |     4 ||     6

Table legend: (Time is in decaauts)
 A = Elapsed time spent in this place.
 B = Non-inter-level travel time spent in this place.
 C = Inter-level travel time spent in this place.
 D = Time resting spent in this place.
 E = Time spent auto-exploring this place.
 F = Levels seen in this place.
 G = Mean time per level.
                   A        B        C        D        E       F      G
               +--------+--------+--------+--------+--------+-----+--------+
         Total |   2069 |   2069 |      0 |   1349 |      3 |   1 | 2069.0 |
       Dungeon |   2069 |   2069 |      0 |   1349 |      3 |   1 | 2069.0 |
               +--------+--------+--------+--------+--------+-----+--------+

Top non-repeatable levels by time:
       D: 2069 daAuts
